 Dungeon Sprint DCSS version 0.25.1-2-g60ff931df9 (webtiles) character file.

Game seed: 5737087700320701647

49202679 MordorOrchid the Gnoll Ballista (level 23, 197/197 HPs)
             Began as a Gnoll Wanderer on Oct 25, 2020.
             Was an Initiate of Gozag.
             Escaped with the Orb
             ... and 9 runes on Oct 26, 2020!
             The game lasted 01:59:31 (10463 turns).

MordorOrchid the Gnoll Ballista (Gnoll Wanderer)   Turns: 10463, Time: 01:59:32

Health: 197/197    AC: 37    Str: 21    XL:     23   Next: 7%
Magic:  49/63      EV: 33    Int: 18    God:    Gozag
Gold:   7334       SH: 30    Dex: 24    Spells: 9/76 levels left

rFire    + + .     SeeInvis .   x - staff of energy
rCold    + . .     Gourm    .   L - +5 kite shield {rF+}
rNeg     . . .     Faith    .   G - +6 scale mail of Miracles {rF+ rC+ Dex+4}
rPois    .         Spirit   .   v - +0 helmet "Imollemn" {MR+ Str+5 Int-5 Dex+2}
rElec    .         Reflect  +   H - +1 cloak {rCorr}
rCorr    +         Harm     .   r - +2 pair of gloves {archery}
MR       ++...     NoTele   +   K - +2 pair of boots {run}
Stlth    +++.......             a - amulet of reflection
HPRegen  0.42/turn              W - ring "Zippol" {MP+9 Int+3 Slay+3}
MPRegen  0.38/turn              d - +4 ring of protection

@: quick
A: distributed training, fangs 1, frail 1, strong nose
0: Orb of Zot
}: 9/17 runes: decaying, serpentine, barnacled, slimy, elven, silver, golden,
abyssal, gossamer
a: Potion Petition, Call Merchant, Bribe Branch, Renounce Religion


You escaped.
You worshipped Gozag.
Gozag was greatly pleased with you.
You were very hungry.

You visited 1 branch You collected 54337 gold pieces.
You spent 16028 gold pieces at shops.
You paid 30975 gold pieces to Gozag.

Inventory:

Hand Weapons
 h - the +0 triple sword of Vutagh {freeze, rC++ rN+ MR+ Int-5}
   (You found it in the Dungeon)

   It has been specially enchanted to freeze those struck by it, causing extra
   injury to most foes and up to half again as much damage against particularly
   susceptible opponents.
   It can also slow down cold-blooded creatures.
   It affects your intelligence (-5).
   It greatly protects you from cold.
   It protects you from negative energy.
   It affects your resistance to hostile enchantments.
 j - the +3 arbalest "Leviticus" {penet, rF+++ Dex-3 Stlth+}
   (You bought it in a shop in the Dungeon)

   Ammo fired by it will pass through the targets it hits, potentially hitting
   all targets in its path until it reaches maximum range.
   It affects your dexterity (-3).
   It renders you almost immune to fire.
   It makes you more stealthy.
 s - a +4 rapier of distortion
 y - a +9 rapier of venom
Missiles
 I - 46 silver javelins (quivered)
 M - 26 javelins
 U - 3 throwing nets
 V - 17 boomerangs
 X - 161 bolts
Armour
 r - a +2 pair of gloves of archery (worn)
 v - the +0 helmet "Imollemn" (worn) {MR+ Str+5 Int-5 Dex+2}
   (You found it in the Dungeon)

   It affects your strength (+5).
   It affects your intelligence (-5).
   It affects your dexterity (+2).
   It affects your resistance to hostile enchantments.
 G - the +6 scale mail of Miracles (worn) {rF+ rC+ Dex+4}
   (You bought it in a shop in the Dungeon)

   It affects your dexterity (+4).
   It protects you from fire.
   It protects you from cold.
 H - a +1 cloak of preservation (worn)
 J - a +2 robe of the Archmagi
 K - a +2 pair of boots of running (worn)
 L - a +5 kite shield of fire resistance (worn)
 P - the +2 scale mail of the Salmon {rC+ rN+++ MR- Dex-2}
   (You bought it in a shop in the Dungeon)

   It affects your dexterity (-2).
   It protects you from cold.
   It renders you almost immune to negative energy.
   It affects your resistance to hostile enchantments.
 T - the +9 plate armour of Parts Unknown {rElec rF+ Str+2 Dex-3}
   (You found it in the Dungeon)

   It affects your strength (+2).
   It affects your dexterity (-3).
   It protects you from fire.
   It insulates you from electricity.
Magical Staves
 x - an uncursed staff of energy (weapon)
Jewellery
 a - an amulet of reflection (around neck)
 d - a +4 ring of protection (right hand)
 E - an uncursed ring of ice
 N - the ring "Acyfyhim" {Fire Str+4}
   (You found it in the Dungeon)

   [ring of fire]

   It enhances your fire magic.
   It affects your strength (+4).
   It protects you from fire.
   It makes you vulnerable to cold.
 W - the ring "Zippol" (left hand) {MP+9 Int+3 Slay+3}
   (You found it in the Dungeon)

   [ring of slaying]

   It affects your intelligence (+3).
   It affects your accuracy and damage with ranged weapons and melee attacks
   (+3).
   It affects your magic capacity (+9).
 Z - an uncursed ring of wizardry
Wands
 o - a wand of acid (14)
 q - a wand of enslavement (9)
 Q - a wand of clouds (7)
Scrolls
 k - 7 scrolls of blinking
 m - 6 scrolls of remove curse
 n - 2 scrolls of amnesia
 z - 3 scrolls of fog
 B - a scroll of enchant armour
 O - 4 scrolls of identify
 R - 4 scrolls of fear
 S - a scroll of immolation
Potions
 b - 3 potions of brilliance
 c - 2 potions of lignification
 e - 7 potions of curing
 g - 18 potions of heal wounds
 i - 8 potions of magic
 l - 7 potions of haste
 p - 2 potions of resistance
 w - a potion of ambrosia
 A - 3 potions of might
 C - 3 potions of berserk rage
 D - a potion of mutation
 Y - a potion of stabbing
Miscellaneous
 t - the horn of Geryon
 u - 2 boxes of beasts
 F - a lightning rod (4/4)
Comestibles
 f - 29 rations


   Skills:
 O Level 27 Fighting
 O Level 27 Short Blades
 O Level 27 Long Blades
 O Level 27 Axes
 O Level 27 Maces & Flails
 O Level 27 Polearms
 O Level 27 Staves
 O Level 27 Slings
 O Level 27 Bows
 O Level 27 Crossbows
 O Level 27 Throwing
 O Level 27 Armour
 O Level 27 Dodging
 O Level 27 Stealth
 O Level 27 Shields
 O Level 27 Unarmed Combat
 O Level 27 Spellcasting
 O Level 27 Conjurations
 O Level 27 Hexes
 O Level 27 Charms
 O Level 27 Summonings
 O Level 27 Necromancy
 O Level 27 Translocations
 O Level 27 Transmutations
 O Level 27 Fire Magic
 O Level 27 Ice Magic
 O Level 27 Air Magic
 O Level 27 Earth Magic
 O Level 27 Poison Magic
 O Level 27 Invocations
 O Level 27 Evocations


You had 9 spell levels left.
You knew the following spells:

 Your Spells              Type           Power        Failure   Level  Hunger
a - Conjure Flame         Conj/Fire      #######.     0%          3    None
b - Song of Slaying       Chrm           #######.     0%          2    None
c - Eringya's Noxious Bo  Tmut/Pois      #######...   0%          6    None
f - Iron Shot             Conj/Erth      #######...   0%          6    None
g - Mephitic Cloud        Conj/Pois/Air  #######.     0%          3    None
j - Summon Lightning Spi  Summ/Air       #######.     0%          4    None
l - Freezing Cloud        Conj/Ice/Air   #######...   0%          6    None
o - Orb of Destruction    Conj           #######...   1%          7    None
p - Passage of Golubria   Tloc           N/A          0%          4    None
s - Spellforged Servitor  Conj/Summ      #######...   1%          7    None
y - Shroud of Golubria    Chrm/Tloc      ######       0%          2    None
E - Borgnjor's Vile Clut  Necr/Erth      #######...   0%          5    None
I - Invisibility          Hex            #######.     0%          6    None
Y - Statue Form           Tmut/Erth      #######..    0%          6    None

Your spell library contained the following spells:

 Spells                   Type           Power        Failure   Level  Hunger
 Foxfire                  Conj/Fire      ####         0%          1    None
 Sandblast                Erth           ######       0%          1    None
 Passwall                 Tmut/Erth      #######.     0%          2    None
 Poisonous Vapours        Pois/Air       ######       0%          2    None
 Swiftness                Chrm/Air       #######.     0%          2    None
 Spider Form              Tmut/Pois      #######...   0%          3    None
 Stone Arrow              Conj/Erth      ######       0%          3    None
 Airstrike                Air            #######...   0%          4    None
 Cause Fear               Hex            #######...   0%          4    None
 Ice Form                 Ice/Tmut       #######.     0%          4    None
 Iskenderun's Mystic Bla  Conj/Tloc      #######.     0%          4    None
 Leda's Liquefaction      Hex/Erth       #######...   0%          4    None
 Sticky Flame             Conj/Fire      #######.     0%          4    None
 Agony                    Necr           #######.     0%          5    None
 Bolt of Magma            Conj/Fire/Erth #######...   0%          5    None
 Iskenderun's Battlesphe  Conj/Chrm      #######.     0%          5    None
 Lee's Rapid Deconstruct  Erth           #######...   0%          5    None
 Darkness                 Hex            #######...   0%          6    None
 Death Channel            Necr           #######...   0%          6    None
 Ring of Flames           Chrm/Fire      #######...   1%          7    None


Dungeon Overview and Level Annotations

Branches:
Dungeon (1/1)

Altars:
Cheibriados
Dithmenos
Elyvilon
Fedhas
Gozag
Hepliaklqana
Kikubaaqudgha
Makhleb
Nemelex Xobeh
Okawaru
Qazlal
Ru
Sif Muna
Trog
Uskayaw
Vehumet
Wu Jian
Xom
Yredelemnul
Zin
The Shining One
Beogh
Jiyva
Lugonu

Shops:
D (*[}[}?(}?}*:*=[**:


Innate Abilities, Weirdness & Mutations

Your experience applies equally to all skills.
You have very sharp teeth.
Your uncanny sense of smell can sniff out nearby items.
You are frail. (-10% HP)


Message History

The golden eye escapes!
Casting: Borgnjor's Vile Clutch (safe; 0% risk of failure)
Confirm with . or Enter, or press ? or * to list all spells.
Aiming: Borgnjor's Vile Clutch (safe; 0% risk of failure)
Press: ? - help, Shift-Dir - straight line, f/p - golden eye
Aim: a golden eye (almost dead) Zombie hands grab the golden eye.
The zombie hands constrict the golden eye.
You kill the golden eye!
There is a snail-covered altar of Cheibriados here.
There is a roughly hewn altar of Beogh here.
There is an open door to the Temple here.
You now have 7334 gold pieces (gained 54).
Your spellforged servitor hums quietly as it recharges.
You see here a +0 giant club.
There is an open door, spattered with blood here.
There is an open door to the Dungeon here.
Your spellforged servitor hums quietly as it recharges.
There is a staircase leading out of the dungeon here.
You have escaped!

)[.[.............▓
▓▓▓▓▓▓▓▓▓▓▓▓▓▓▓▓.▓
.................▓
▓▓▓▓▓▓▓▓▓▓▓▓▓▓▓▓▓▓
.(.......'....8..▓
▓▓▓▓▓▓▓▓▓▓▓▓▓▓▓▓.▓
.................▓
▓▓▓▓▓▓▓▓▓▓▓▓▓▓▓▓▓▓
'....)'.....'.8.@▓
▓▓▓▓▓▓▓▓▓▓▓▓▓▓▓▓▓▓


You could see a friendly spellforged servitor (summoned).

Vanquished Creatures
  the Royal Jelly (D)
  A pandemonium lord (D)
  5 ancient liches (D)
  Mara (D)
  4 orbs of fire (D)
  Mennas (D)
  4 greater mummies (D)
  Sojobo (D)
  A curse toe (D)
  Xtahua (D)
  Nikola (D)
  Geryon (D)
  Jory (D)
  3 golden dragons (D)
  3 electric golems (D)
  A bone dragon (D)
  2 Ice Fiends (D)
  4 liches (D)
  3 tentacled monstrosities (D)
  3 deep elf master archers (D)
  31 Orb Guardians (D)
  3 deep elf blademasters (D)
  10 acid blobs (D)
  4 quicksilver dragons (D)
  A titan (D)
  2 Executioners (D)
  3 death cobs (D)
  6 shadow dragons (D)
  13 sphinxes (D)
  4 storm dragons (D)
  Agnes (D)
  2 tengu reavers (D)
  5 azure jellies (D)
  8 nagarajas (D)
  A draconian monk (D)
  3 frost giants (D)
  A deep elf sorcerer (D)
  A vault warden (D)
  Ilsuiw (D)
  2 fire giants (D)
  2 balrugs (D)
  A cacodemon (D)
  4 ghost moths (D)
  2 emperor scorpions (D)
  2 draconian shifters (D)
  2 draconian scorchers (D)
  A draconian stormcaller (D)
  Louise (D)
  4 stone giants (D)
  2 draconian annihilators (D)
  2 ironheart preservers (D)
  2 spriggan defenders (D)
  A reaper (D)
  2 very ugly things (D)
  A lorocyproca (D)
  4 black draconians (D)
  10 vampire knights (D)
  2 green draconians (D)
  3 white draconians (D)
  2 deep elf annihilators (D)
  2 yellow draconians (D)
  2 purple draconians (D)
  3 ettins (D)
  6 merfolk javelineers (D)
  2 deep elf death magi (D)
  3 blizzard demons (D)
  2 red draconians (D)
  5 mummy priests (D)
  A green death (D)
  2 merfolk impalers (D)
  8 death oozes (D)
  6 yaktaur captains (D)
  3 deep elf high priests (D)
  5 fire dragons (D)
  2 great orbs of eyes (D)
  A rakshasa (D)
  An ice dragon (D)
  Harold (D)
  4 hydras (D)
  2 naga warriors (D)
  A ghost crab (D)
  25 vault guards (D)
  6 two-headed ogres (D)
  A hell beast (D)
  An alligator (D)
  2 merfolk avatars (D)
  4 centaur warriors (D)
  6 ogre magi (D)
  2 merfolk aquamancers (D)
  A death knight (D)
  Erica (D)
  2 tengu warriors (D)
  A death yak (D)
  A spriggan berserker (D)
  2 shock serpents (D)
  A naga sharpshooter (D)
  5 sixfirhies (D)
  3 sun demons (D)
  2 flayed ghosts (D)
  A glowing orange brain (shapeshifter) (D)
  A sea snake (D)
  2 glowing orange brains (D)
  A gelid demonspawn (D)
  9 swamp dragons (D)
  A deep elf archer (D)
  2 orc knights (D)
  2 necromancers (D)
  An ugly thing (D)
  4 wolf spiders (D)
  A mana viper (D)
  A cyclops (D)
  A worldbinder (D)
  15 moths of wrath (D)
  A salamander (D)
  A guardian serpent (D)
  A water nymph (D)
  A gargoyle (D)
  3 smoke demons (D)
  3 vault sentinels (D)
  2 black mambas (D)
  Psyche (D)
  A torpor snail (D)
  A spiny frog (D)
  A hellion (D)
  A freezing wraith (D)
  A komodo dragon (D)
  4 yaktaurs (D)
  2 tengu conjurers (D)
  2 demonic crawlers (D)
  5 hellwings (D)
  19 guardian mummies (D)
  A meliai (shapeshifter) (D)
  3 red devils (D)
  4 jumping spiders (D)
  A wind drake (D)
  A wandering mushroom (D)
  2 hornets (D)
  6 merfolk (D)
  A polar bear (D)
  A queen bee (shapeshifter) (D)
  A blink frog (D)
  A slime creature (D)
  A dream sheep (shapeshifter) (D)
  2 bog bodies (D)
  A hippogriff (D)
  A tarantella (D)
  4 redbacks (D)
  2 wraiths (D)
  11 spriggans (D)
  A yak (D)
  5 large abominations (D)
  A small abomination (D)
  5 golden eyes (D)
  5 nagas (D)
  2 acid dragons (D)
  2 porcupines (D)
  3 water moccasins (D)
  2 floating eyes (D)
  4 swamp drakes (D)
  6 black bears (D)
  An ice beast (D)
  8 orc warriors (D)
  2 eyes of draining (D)
  4 ogres (D)
  2 centaurs (D)
  A crocodile (D)
  4 bullfrogs (D)
  A scorpion (D)
  A quasit (D)
  2 jellies (D)
  3 orc priests (D)
  4 orc wizards (D)
  An iron imp (D)
  9 orcs (D)
  2 bats (D)
  A giant cockroach (D)
  A ball python (D)
  A bat simulacrum (D)
  A quokka skeleton (D)
  2 rats (D)
545 creatures vanquished.

Vanquished Creatures (collateral kills)
  A cacodemon (D)
1 creature vanquished.

Vanquished Creatures (others)
  2 two-headed ogres (D)
  An orc knight (D)
  A spiny frog (D)
  A hippogriff (D)
  A wyvern (D)
  A vampire mosquito (D)
  An insubstantial wisp (D)
  A black bear (D)
  2 orc warriors (D)
  An ice beast (D)
  A worker ant (D)
13 creatures vanquished.

Grand Total: 559 creatures vanquished

Notes
Turn   | Place    | Note
-------+----------+-------------------------------------------
     0 | D        | MordorOrchid the Gnoll Wanderer began the quest for the
                  | Orb.
     0 | D        | MordorOrchid set off with the following items: a +0 dagger,
                  | a potion of lignification, a +2 scale mail, a potion of
                  | curing, a ration, a potion of heal wounds, a potion of
                  | haste, 2 potions of magic, a potion of berserk rage, a
                  | scroll of blinking; and the following spells available to
                  | memorise: Shroud of Golubria, Song of Slaying
     0 | D        | Reached XP level 1. HP: 17/17 MP: 3/3
    26 | D        | Reached skill level 1 in Invocations
    41 | D        | Noticed an ogre
    41 | D        | Noticed an ice beast
    41 | D        | Noticed a scorpion
    41 | D        | Noticed a centaur
    46 | D        | Killed a centaur
    46 | D        | Reached skill level 5 in Evocations
    46 | D        | Reached XP level 2. HP: 11/25 MP: 3/5
    46 | D        | Reached XP level 3. HP: 14/30 MP: 3/6
    46 | D        | Reached XP level 4. HP: 17/37 MP: 3/7
    50 | D        | Reached XP level 5. HP: 15/42 MP: 3/9
    56 | D        | Killed an ice beast
    56 | D        | Reached skill level 5 in Necromancy
   294 | D        | Killed an ogre
   294 | D        | Reached skill level 5 in Fighting
   294 | D        | Reached skill level 5 in Axes
   294 | D        | Reached XP level 6. HP: 32/51 MP: 10/12
   308 | D        | Found a roughly hewn altar of Beogh.
   308 | D        | Found a snail-covered altar of Cheibriados.
   308 | D        | Found a shadowy altar of Dithmenos.
   308 | D        | Found a white marble altar of Elyvilon.
   308 | D        | Found a blossoming altar of Fedhas.
   308 | D        | Found an opulent altar of Gozag.
   309 | D        | Found a hazy altar of Hepliaklqana.
   310 | D        | Found a viscous altar of Jiyva.
   311 | D        | Found an ancient bone altar of Kikubaaqudgha.
   312 | D        | Found a corrupted altar of Lugonu.
   313 | D        | Found a burning altar of Makhleb.
   314 | D        | Found a sparkling altar of Nemelex Xobeh.
   315 | D        | Found an iron altar of Okawaru.
   316 | D        | Became a worshipper of Gozag Ym Sagoz the Greedy
   317 | D        | Found a stormy altar of Qazlal.
   318 | D        | Found a sacrificial altar of Ru.
   319 | D        | Found a shimmering blue altar of Sif Muna.
   320 | D        | Found a bloodstained altar of Trog.
   321 | D        | Found a hide-covered altar of Uskayaw.
   322 | D        | Found a radiant altar of Vehumet.
   323 | D        | Found an ornate altar of the Wu Jian Council.
   324 | D        | Found a shimmering altar of Xom.
   325 | D        | Found a basalt altar of Yredelemnul.
   326 | D        | Found a glowing silver altar of Zin.
   327 | D        | Found a glowing golden altar of the Shining One.
   345 | D        | Got the +2 scimitar "Butaf" {antimagic, rElec Dex+5}
   423 | D        | Noticed a gargoyle
   423 | D        | Noticed a komodo dragon
   423 | D        | Noticed an ice beast
   423 | D        | Noticed an orc warrior
   423 | D        | Noticed a two-headed ogre
   427 | D        | Killed a two-headed ogre
   427 | D        | Reached skill level 5 in Conjurations
   427 | D        | Reached skill level 5 in Hexes
   427 | D        | Reached skill level 5 in Charms
   427 | D        | Reached skill level 5 in Summonings
   427 | D        | Reached skill level 5 in Translocations
   427 | D        | Reached skill level 5 in Transmutations
   427 | D        | Reached skill level 5 in Fire Magic
   427 | D        | Reached skill level 5 in Ice Magic
   427 | D        | Reached skill level 5 in Air Magic
   427 | D        | Reached skill level 5 in Earth Magic
   427 | D        | Reached skill level 5 in Poison Magic
   427 | D        | Reached XP level 7. HP: 43/59 MP: 12/16
   427 | D        | Reached XP level 8. HP: 48/65 MP: 12/17
   436 | D        | Killed a komodo dragon
   442 | D        | Killed a gargoyle
   442 | D        | Reached XP level 9. HP: 52/72 MP: 14/19
   593 | D        | Noticed a black mamba
   604 | D        | Killed a black mamba
   604 | D        | Reached skill level 10 in Armour
   638 | D        | Noticed a spiny frog
   638 | D        | Noticed a spiny frog
   639 | D        | Noticed a death yak
   641 | D        | Noticed a four-headed hydra
   642 | D        | Reached XP level 10. HP: 19/82 MP: 22/22
   651 | D        | Killed a spiny frog
   656 | D        | Killed a death yak
   660 | D        | Killed a four-headed hydra
   660 | D        | Reached skill level 10 in Evocations
   663 | D        | Banished a spiny frog
   985 | D        | Reached skill level 10 in Invocations
  1086 | D        | Learned a level 2 spell: Shroud of Golubria
  1089 | D        | Learned a level 2 spell: Song of Slaying
  1203 | D        | Reached XP level 11. HP: 78/90 MP: 21/24
  1252 | D        | Bought the Reference Book on Dark Poison for 1120 gold
                  | pieces
  1256 | D        | Learned a level 3 spell: Mephitic Cloud
  1262 | D        | Learned a level 5 spell: Borgnjor's Vile Clutch
  1262 | D        | Bought a book of Clouds for 720 gold pieces
  1264 | D        | Noticed an orc knight
  1274 | D        | Noticed an orc knight
  1281 | D        | Killed an orc knight
  1281 | D        | Reached skill level 10 in Fighting
  1281 | D        | Reached skill level 10 in Axes
  1305 | D        | Banished an orc knight
  1388 | D        | Bought a manual of Throwing for 1766 gold pieces
  1405 | D        | Learned a level 3 spell: Conjure Flame
  1555 | D        | Found Bapne's Weapon Boutique.
  1555 | D        | Noticed a two-headed ogre
  1555 | D        | Noticed a two-headed ogre
  1555 | D        | Noticed a two-headed ogre
  1555 | D        | Noticed an ogre mage
  1571 | D        | Killed a two-headed ogre
  1571 | D        | Reached skill level 10 in Short Blades
  1571 | D        | Reached skill level 10 in Long Blades
  1571 | D        | Reached skill level 10 in Maces & Flails
  1571 | D        | Reached skill level 10 in Polearms
  1571 | D        | Reached skill level 10 in Staves
  1571 | D        | Reached skill level 10 in Slings
  1571 | D        | Reached skill level 10 in Bows
  1571 | D        | Reached skill level 10 in Crossbows
  1571 | D        | Reached skill level 10 in Throwing
  1571 | D        | Reached skill level 10 in Dodging
  1571 | D        | Reached skill level 10 in Stealth
  1571 | D        | Reached skill level 10 in Shields
  1571 | D        | Reached skill level 10 in Unarmed Combat
  1571 | D        | Reached skill level 10 in Spellcasting
  1572 | D        | Banished a two-headed ogre
  1573 | D        | Noticed a two-headed ogre
  1575 | D        | Killed an ogre mage
  1579 | D        | Noticed an ogre mage
  1580 | D        | Noticed an ogre mage
  1585 | D        | Killed a two-headed ogre
  1592 | D        | Killed a two-headed ogre
  1607 | D        | Killed an ogre mage
  1622 | D        | Found Fasoteip's Gadget Shop.
  1623 | D        | Killed an ogre mage
  1632 | D        | Found Koalymuh's Gadget Boutique.
  1636 | D        | Found Qybree Moixt's Antique Armour Shop.
  1640 | D        | Noticed a two-headed ogre
  1642 | D        | Noticed an ogre mage
  1645 | D        | Noticed a two-headed ogre
  1652 | D        | Banished a two-headed ogre
  1662 | D        | Killed a two-headed ogre
  1662 | D        | Reached skill level 10 in Necromancy
  1662 | D        | Reached XP level 12. HP: 55/100 MP: 14/26
  1667 | D        | Killed an ogre mage
  1688 | D        | Bought a lightning rod (4/4) for 440 gold pieces
  1692 | D        | Bought a bronze scale mail for 270 gold pieces
  1692 | D        | Bought an embroidered cloak for 225 gold pieces
  1692 | D        | Bought a pair of runed boots for 225 gold pieces
  1692 | D        | Identified the +6 scale mail of Miracles {rF+ rC+ Dex+4}
                  | (You bought it in a shop in the Dungeon)
  1867 | D        | Noticed Harold
  1877 | D        | Killed Harold
  2013 | D        | Noticed Erica
  2020 | D        | Killed Erica
  2091 | D        | Identified a +2 pair of boots of running (You found it in
                  | the Dungeon)
  2132 | D        | Noticed a two-headed ogre
  2132 | D        | Noticed a centaur warrior
  2144 | D        | Killed a centaur warrior
  2147 | D        | Noticed an ogre mage
  2148 | D        | Killed a two-headed ogre
  2148 | D        | Reached skill level 10 in Summonings
  2149 | D        | Noticed a centaur warrior
  2150 | D        | Noticed a sphinx
  2153 | D        | Noticed a tengu warrior
  2160 | D        | Killed a tengu warrior
  2160 | D        | Killed a centaur warrior
  2160 | D        | Reached skill level 10 in Conjurations
  2160 | D        | Reached skill level 10 in Hexes
  2160 | D        | Reached skill level 10 in Charms
  2160 | D        | Reached skill level 10 in Translocations
  2160 | D        | Reached skill level 10 in Transmutations
  2160 | D        | Reached skill level 10 in Fire Magic
  2160 | D        | Reached skill level 10 in Ice Magic
  2160 | D        | Reached skill level 10 in Air Magic
  2160 | D        | Reached skill level 10 in Earth Magic
  2160 | D        | Reached skill level 10 in Poison Magic
  2160 | D        | Killed an ogre mage
  2162 | D        | Killed a sphinx
  2164 | D        | Noticed a stone giant
  2276 | D        | Killed a stone giant
  2381 | D        | Noticed Psyche
  2388 | D        | Killed Psyche
  2451 | D        | Bought a jewelled scale mail for 189 gold pieces
  2451 | D        | Bought a dazzling ring mail for 189 gold pieces
  2451 | D        | Identified the cursed +1 ring mail "Xolocvoa" {rElec} (You
                  | bought it in a shop in the Dungeon)
  2462 | D        | Identified the +2 scale mail of the Salmon {rC+ rN+++ MR-
                  | Dex-2} (You bought it in a shop in the Dungeon)
  2476 | D        | Bought a smoky puce potion for 20 gold pieces
  2476 | D        | Bought a glowing iron wand for 92 gold pieces
  2476 | D        | Bought a scroll labeled ICINYMESAT for 23 gold pieces
  2476 | D        | Bought a masterwork arbalest for 218 gold pieces
  2476 | D        | Bought a potion of heal wounds for 115 gold pieces
  2476 | D        | Bought a scroll of remove curse for 69 gold pieces
  2476 | D        | Identified the +3 arbalest "Leviticus" {penet, rF+++ Dex-3
                  | Stlth+} (You bought it in a shop in the Dungeon)
  2478 | D        | Noticed a four-headed hydra
  2478 | D        | Noticed an alligator
  2480 | D        | Reached XP level 13. HP: 109/109 MP: 29/29
  2663 | D        | Noticed a nagaraja
  2669 | D        | Killed a nagaraja
  2670 | D        | Reached skill level 15 in Throwing
  2879 | D        | Killed a ghost moth
  3069 | D        | Noticed Agnes
  3081 | D        | Killed Agnes
  3081 | D        | Reached XP level 14. HP: 85/119 MP: 23/31
  3201 | D        | Noticed a frost giant
  3201 | D        | Noticed a stone giant
  3206 | D        | Killed a frost giant
  3208 | D        | Noticed a spriggan defender
  3209 | D        | Killed a stone giant
  3209 | D        | Reached skill level 15 in Armour
  3211 | D        | Killed a spriggan defender
  3211 | D        | Reached skill level 15 in Invocations
  3312 | D        | Noticed a fire giant
  3319 | D        | Killed a fire giant
  3319 | D        | Noticed a vampire knight
  3479 | D        | Killed a vampire knight
  3489 | D        | Noticed a fire giant
  3498 | D        | Killed a fire giant
  3498 | D        | Reached skill level 15 in Evocations
  3655 | D        | Reached skill level 15 in Fighting
  3655 | D        | Reached skill level 15 in Axes
  3697 | D        | Noticed a vault warden
  3709 | D        | Killed a vault warden
  3720 | D        | Reached skill level 15 in Short Blades
  3720 | D        | Reached skill level 15 in Long Blades
  3720 | D        | Reached skill level 15 in Maces & Flails
  3720 | D        | Reached skill level 15 in Polearms
  3720 | D        | Reached skill level 15 in Staves
  3720 | D        | Reached skill level 15 in Slings
  3720 | D        | Reached skill level 15 in Bows
  3720 | D        | Reached skill level 15 in Crossbows
  3720 | D        | Reached skill level 15 in Dodging
  3720 | D        | Reached skill level 15 in Stealth
  3720 | D        | Reached skill level 15 in Shields
  3720 | D        | Reached skill level 15 in Unarmed Combat
  3720 | D        | Reached skill level 15 in Spellcasting
  3721 | D        | Reached XP level 15. HP: 118/129 MP: 8/34
  3833 | D        | Learned a level 6 spell: Freezing Cloud
  4023 | D        | Got the +0 triple sword of Vutagh {freeze, rC++ rN+ MR+
                  | Int-5}
  4135 | D        | Noticed Jory
  4157 | D        | Killed Jory
  4264 | D        | Bought a ration for 65 gold pieces
  4264 | D        | Bought a ration for 65 gold pieces
  4264 | D        | Bought a ration for 65 gold pieces
  4264 | D        | Bought a ration for 65 gold pieces
  4264 | D        | Bought a ration for 65 gold pieces
  4264 | D        | Bought a ration for 65 gold pieces
  4264 | D        | Bought a ration for 65 gold pieces
  4266 | D        | Bought a scroll labeled HIAQ KEYRACE for 33 gold pieces
  4266 | D        | Bought a potion of heal wounds for 165 gold pieces
  4276 | D        | Bought a ration for 70 gold pieces
  4276 | D        | Bought a ration for 70 gold pieces
  4276 | D        | Bought a ration for 70 gold pieces
  4276 | D        | Bought a ration for 70 gold pieces
  4276 | D        | Bought a ration for 70 gold pieces
  4276 | D        | Bought a ration for 70 gold pieces
  4276 | D        | Bought a ration for 70 gold pieces
  4276 | D        | Bought a ration for 70 gold pieces
  4276 | D        | Bought a ration for 70 gold pieces
  4276 | D        | Bought a ration for 70 gold pieces
  4278 | D        | Bought the Papyrus of Stones and Ignition for 912 gold
                  | pieces
  4285 | D        | Learned a level 6 spell: Statue Form
  4326 | D        | Got a decaying rune of Zot
  4402 | D        | Noticed a nagaraja
  4402 | D        | Noticed a nagaraja
  4402 | D        | Noticed a nagaraja
  4403 | D        | Noticed a nagaraja
  4406 | D        | Killed a nagaraja
  4407 | D        | Killed a nagaraja
  4409 | D        | Noticed a nagaraja
  4411 | D        | Killed a nagaraja
  4411 | D        | Killed a nagaraja
  4424 | D        | Noticed a nagaraja
  4428 | D        | Killed a nagaraja
  4432 | D        | Killed a nagaraja
  4448 | D        | Noticed a nagaraja
  4453 | D        | Got a serpentine rune of Zot
  4461 | D        | Killed a nagaraja
  4488 | D        | Bought a book of Burglary for 1125 gold pieces
  4488 | D        | Bought a book of Power for 675 gold pieces
  4488 | D        | Bought a manual of Conjurations for 1656 gold pieces
  4537 | D        | Noticed Ilsuiw
  4550 | D        | Killed Ilsuiw
  4602 | D        | Got a barnacled rune of Zot
  4765 | D        | Noticed an emperor scorpion
  4774 | D        | Killed a ghost moth
  4774 | D        | Reached XP level 16. HP: 140/140 MP: 1/36
  4813 | D        | Reached skill level 15 in Conjurations
  4934 | D        | Got a gossamer rune of Zot
  4988 | D        | Learned a level 4 spell: Passage of Golubria
  5070 | D        | Reached skill level 15 in Necromancy
  5086 | D        | Reached skill level 15 in Summonings
  5094 | D        | Reached skill level 15 in Hexes
  5094 | D        | Reached skill level 15 in Charms
  5094 | D        | Reached skill level 15 in Translocations
  5094 | D        | Reached skill level 15 in Transmutations
  5094 | D        | Reached skill level 15 in Fire Magic
  5094 | D        | Reached skill level 15 in Ice Magic
  5094 | D        | Reached skill level 15 in Air Magic
  5094 | D        | Reached skill level 15 in Earth Magic
  5094 | D        | Reached skill level 15 in Poison Magic
  5305 | D        | Noticed a shadow dragon
  5322 | D        | Killed a shadow dragon
  5377 | D        | Noticed a shadow dragon
  5387 | D        | Killed a shadow dragon
  5427 | D        | Bought a scroll of identify for 28 gold pieces
  5427 | D        | Bought a scroll of identify for 28 gold pieces
  5427 | D        | Bought a scroll of identify for 28 gold pieces
  5427 | D        | Bought a scroll of identify for 28 gold pieces
  5427 | D        | Bought a scroll of blinking for 105 gold pieces
  5427 | D        | Bought a scroll of acquirement for 728 gold pieces
  5427 | D        | Bought a scroll of acquirement for 728 gold pieces
  5427 | D        | Bought a scroll of torment for 105 gold pieces
  5438 | D        | Identified the +9 plate armour of Parts Unknown {rElec rF+
                  | Str+2 Dex-3} (You found it in the Dungeon)
  5465 | D        | Acquired an uncursed amulet of reflection
  5468 | D        | Acquired 510 gold pieces
  5478 | D        | Noticed a shadow dragon
  5478 | D        | Noticed a titan
  5478 | D        | Noticed an ancient lich
  5478 | D        | Noticed a shadow dragon
  5480 | D        | Noticed an ancient lich
  5483 | D        | Killed a titan
  5483 | D        | Reached XP level 17. HP: 151/151 MP: 32/39
  5486 | D        | Noticed a tentacled monstrosity
  5489 | D        | Killed an ancient lich
  5492 | D        | Killed a tentacled monstrosity
  5495 | D        | Killed an ancient lich
  5608 | D        | Identified Gucseus's Tome of the Vitriolic Mountains
  5616 | D        | Got a silver rune of Zot
  5619 | D        | Identified Hupanoje's Spellcraft, Part Four
  5629 | D        | Learned a level 7 spell: Orb of Destruction
  5637 | D        | Learned a level 7 spell: Spellforged Servitor
  5641 | D        | Noticed Louise
  5654 | D        | Killed Louise
  5693 | D        | Bought a scroll of fear for 59 gold pieces
  5693 | D        | Bought a ration for 85 gold pieces
  5693 | D        | Bought a ration for 85 gold pieces
  5693 | D        | Bought a scroll of random uselessness for 17 gold pieces
  5708 | D        | Noticed Mennas
  5729 | D        | Killed Mennas
  5753 | D        | Noticed Mara
  5763 | D        | Killed Mara
  5819 | D        | Got the ring "Acyfyhim" {Fire Str+4}
  5821 | D        | Got the amulet of the Witching Pariah {Faith rN+ Int-4
                  | Dex+4}
  5824 | D        | Got the ring "Muivaw" {*Corrode rElec rPois Str+4 Dex+4}
  5828 | D        | Got the ring "Zippol" {MP+9 Int+3 Slay+3}
  5840 | D        | Got the +5 demon trident of Othreta {vamp, rElec Int+3
                  | Dex-5}
  5861 | D        | Got the +0 helmet "Imollemn" {MR+ Str+5 Int-5 Dex+2}
  5941 | D        | Noticed Sojobo
  5948 | D        | Killed Sojobo
  6019 | D        | Noticed Nikola
  6024 | D        | Noticed Xtahua
  6031 | D        | Killed Nikola
  6031 | D        | Reached XP level 18. HP: 162/162 MP: 35/42
  6035 | D        | Killed Xtahua
  6131 | D        | Noticed a lich
  6135 | D        | Killed a lich
  6183 | D        | Noticed a bone dragon
  6187 | D        | Killed a bone dragon
  6199 | D        | Noticed a golden dragon
  6205 | D        | Killed a golden dragon
  6249 | D        | Bought an inky potion for 35 gold pieces
  6251 | D        | Noticed a quicksilver dragon
  6254 | D        | Killed a quicksilver dragon
  6370 | D        | Noticed an orb of fire
  6372 | D        | Noticed a tentacled monstrosity
  6375 | D        | Killed an orb of fire
  6377 | D        | Killed a tentacled monstrosity
  6453 | D        | Reached XP level 19. HP: 145/174 MP: 44/44
  6453 | D        | Noticed a golden dragon
  6457 | D        | Killed a golden dragon
  6527 | D        | Noticed a tentacled monstrosity
  6527 | D        | Noticed a curse toe
  6533 | D        | Killed a tentacled monstrosity
  6535 | D        | Killed a curse toe
  6836 | D        | Noticed an electric golem
  6845 | D        | Killed an electric golem
  6883 | D        | Noticed an ancient lich
  6886 | D        | Killed an ancient lich
  6886 | D        | Reached XP level 20. HP: 186/186 MP: 47/47
  6890 | D        | Noticed an orb of fire
  6893 | D        | Killed an orb of fire
  6893 | D        | Reached skill level 27 in Throwing
  6896 | D        | Noticed an electric golem
  6902 | D        | Killed an electric golem
  6910 | D        | Bought a potion of haste for 310 gold pieces
  6910 | D        | Bought a runed bone wand for 124 gold pieces
  6910 | D        | Bought a potion of heal wounds for 155 gold pieces
  6913 | D        | Bought a scroll of fog for 30 gold pieces
  6913 | D        | Bought a scroll of fear for 52 gold pieces
  6913 | D        | Bought a scroll of identify for 30 gold pieces
  6913 | D        | Bought a scroll of identify for 30 gold pieces
  6913 | D        | Bought a scroll of identify for 30 gold pieces
  6916 | D        | Noticed an orb of fire
  6916 | D        | Noticed an ancient lich
  6920 | D        | Killed an ancient lich
  6920 | D        | Noticed an orb of fire
  6923 | D        | Noticed an ancient lich
  6925 | D        | Killed an ancient lich
  6926 | D        | Killed an orb of fire
  6927 | D        | Noticed an electric golem
  6930 | D        | Killed an electric golem
  6931 | D        | Gained mutation: You are frail. (-10% HP) [an orb of fire]
  6933 | D        | Killed an orb of fire
  6940 | D        | Noticed a golden dragon
  6960 | D        | Killed a golden dragon
  7065 | D        | Reached skill level 27 in Invocations
  7065 | D        | Reached XP level 21. HP: 165/178 MP: 43/50
  7338 | D        | Got an elven rune of Zot
  7417 | D        | Bought a ration for 55 gold pieces
  7417 | D        | Bought a ration for 55 gold pieces
  7417 | D        | Bought a ration for 55 gold pieces
  7417 | D        | Bought a ration for 55 gold pieces
  7417 | D        | Bought a ration for 55 gold pieces
  7417 | D        | Bought a ration for 55 gold pieces
  7417 | D        | Bought a ration for 55 gold pieces
  7417 | D        | Bought a ration for 55 gold pieces
  7417 | D        | Bought a ration for 55 gold pieces
  7417 | D        | Bought a ration for 55 gold pieces
  7417 | D        | Bought a ration for 55 gold pieces
  7417 | D        | Bought a ration for 55 gold pieces
  7417 | D        | Bought a ration for 55 gold pieces
  7419 | D        | Bought a wand of acid (8) for 288 gold pieces
  7437 | D        | Noticed the Royal Jelly
  7440 | D        | Killed the Royal Jelly
  7440 | D        | Reached skill level 27 in Armour
  7472 | D        | Reached skill level 27 in Evocations
  7474 | D        | Got a slimy rune of Zot
  7599 | D        | Reached skill level 27 in Fighting
  7599 | D        | Reached skill level 27 in Axes
  7599 | D        | Reached skill level 27 in Short Blades
  7599 | D        | Reached skill level 27 in Long Blades
  7599 | D        | Reached skill level 27 in Maces & Flails
  7599 | D        | Reached skill level 27 in Polearms
  7599 | D        | Reached skill level 27 in Staves
  7599 | D        | Reached skill level 27 in Slings
  7599 | D        | Reached skill level 27 in Bows
  7599 | D        | Reached skill level 27 in Crossbows
  7599 | D        | Reached skill level 27 in Dodging
  7599 | D        | Reached skill level 27 in Stealth
  7599 | D        | Reached skill level 27 in Shields
  7599 | D        | Reached skill level 27 in Unarmed Combat
  7599 | D        | Reached skill level 27 in Spellcasting
  7600 | D        | Reached XP level 22. HP: 190/190 MP: 53/53
  7603 | D        | Reached skill level 27 in Conjurations
  7721 | D        | Noticed a greater mummy
  7721 | D        | Noticed a greater mummy
  7721 | D        | Noticed a greater mummy
  7727 | D        | Killed a greater mummy
  7728 | D        | Killed a greater mummy
  7729 | D        | Killed a greater mummy
  7908 | D        | Noticed a greater mummy
  7913 | D        | Killed a greater mummy
  7922 | D        | Got a golden rune of Zot
  8055 | D        | Got an abyssal rune of Zot
  8183 | D        | Noticed Geryon
  8185 | D        | Killed Geryon
  8591 | D        | Got the Orb of Zot
  8629 | D        | Learned a level 6 spell: Iron Shot
  8636 | D        | Learned a level 6 spell: Invisibility
  8641 | D        | Learned a level 4 spell: Summon Lightning Spire
  8648 | D        | Learned a level 6 spell: Eringya's Noxious Bog
  8794 | D        | Bought a wand of clouds (7) for 363 gold pieces
  8794 | D        | Bought a box of beasts for 220 gold pieces
  8794 | D        | Bought a box of beasts for 220 gold pieces
  9933 | D        | Noticed Goppikl Falo the pandemonium lord
  9941 | D        | Killed Goppikl Falo the pandemonium lord
  9941 | D        | Reached skill level 27 in Hexes
  9941 | D        | Reached skill level 27 in Charms
  9941 | D        | Reached skill level 27 in Summonings
  9941 | D        | Reached skill level 27 in Necromancy
  9941 | D        | Reached skill level 27 in Translocations
  9941 | D        | Reached skill level 27 in Transmutations
  9941 | D        | Reached skill level 27 in Fire Magic
  9941 | D        | Reached skill level 27 in Ice Magic
  9941 | D        | Reached skill level 27 in Air Magic
  9941 | D        | Reached skill level 27 in Earth Magic
  9941 | D        | Reached skill level 27 in Poison Magic
 10291 | D        | Reached XP level 23. HP: 197/197 MP: 47/54
 10463 | D        | Escaped with the Orb!

Illustrated notes

Levels and vault maps discovered:
D:        linesprint [early_d, line_temple, items_1, d_10, items_2, lair_1,
          lair_end, items_3, orc_1, orc_end, items_4, d_15, swamp_1, shoals_1,
          snake_1, spider_1, d_20, vaults_1, items_5, swamp_end, shoals_end,
          snake_end, spider_end, vaults_end, d_27, items_6, zot_1, zot_end,
          crypt_end, forest_end, elf_end, slime_end, tomb_end, abyss_end,
          pan_hell_end]

Skill      XL: |  1  2  3  4  5  6  7  8  9 10 11 12 13 14 15 16 17 18 19 20 21 22 |
---------------+-------------------------------------------------------------------+-----
Summonings     | 3 4 5 6 7 8 9 10 11 13 14 15 17 19 20 22 23 27 | 27.0
Invocations    | 2 3 4 6 7 8 10 11 13 14 16 17 19 21 23 25 27 | 27.0
Fighting       | 3 4 5 6 7 8 9 11 12 13 15 16 18 20 21 23 25 27 | 27.0
Short Blades   | 2 3 4 6 7 8 9 10 12 13 15 16 18 20 21 23 25 27 | 27.0
Long Blades    | 2 3 4 6 7 8 9 10 12 13 15 16 18 20 21 23 25 27 | 27.0
Axes           | 3 4 5 6 7 8 9 11 12 13 15 16 18 20 21 23 25 27 | 27.0
Maces & Flails | 2 3 4 6 7 8 9 10 12 13 15 16 18 20 21 23 25 27 | 27.0
Polearms       | 2 3 4 6 7 8 9 10 12 13 15 16 18 20 21 23 25 27 | 27.0
Staves         | 2 3 4 6 7 8 9 10 12 13 15 16 18 20 21 23 25 27 | 27.0
Slings         | 2 3 4 6 7 8 9 10 12 13 15 16 18 20 21 23 25 27 | 27.0
Bows           | 2 3 4 6 7 8 9 10 12 13 15 16 18 20 21 23 25 27 | 27.0
Crossbows      | 2 3 4 6 7 8 9 10 12 13 15 16 18 20 21 23 25 27 | 27.0
Throwing       | 2 3 4 6 7 8 9 11 13 16 18 20 23 24 25 26 27 | 27.0
Armour         | 7 8 9 10 11 12 13 14 16 17 19 20 22 24 25 27 | 27.0
Dodging        | 2 3 4 6 7 8 9 10 12 13 15 16 18 20 21 23 25 27 | 27.0
Stealth        | 2 3 4 6 7 8 9 10 12 13 15 16 18 20 21 23 25 27 | 27.0
Shields        | 2 3 4 6 7 8 9 10 12 13 15 16 18 20 21 23 25 27 | 27.0
Unarmed Combat | 2 3 4 6 7 8 9 10 12 13 15 16 18 20 21 23 25 27 | 27.0
Spellcasting   | 2 3 4 6 7 8 9 10 12 13 15 16 18 20 21 23 25 27 | 27.0
Conjurations   | 2 3 5 6 7 9 10 11 12 14 17 19 22 24 25 26 27 | 27.0
Hexes          | 2 3 5 6 7 9 10 11 12 14 15 17 18 20 21 23 27 | 27.0
Charms         | 2 3 5 6 7 9 10 11 12 14 15 17 18 20 21 23 27 | 27.0
Necromancy     | 4 5 6 7 8 10 11 12 13 14 16 17 19 20 22 23 27 | 27.0
Translocations | 2 3 5 6 7 9 10 11 12 14 15 17 18 20 21 23 27 | 27.0
Transmutations | 2 3 5 6 7 9 10 11 12 14 15 17 18 20 21 23 27 | 27.0
Fire Magic     | 2 3 5 6 7 9 10 11 12 14 15 17 18 20 21 23 27 | 27.0
Ice Magic      | 2 3 5 6 7 9 10 11 12 14 15 17 18 20 21 23 27 | 27.0
Air Magic      | 2 3 5 6 7 9 10 11 12 14 15 17 18 20 21 23 27 | 27.0
Earth Magic    | 2 3 5 6 7 9 10 11 12 14 15 17 18 20 21 23 27 | 27.0
Poison Magic   | 2 3 5 6 7 9 10 11 12 14 15 17 18 20 21 23 27 | 27.0
Evocations     | 5 6 7 8 9 10 11 12 14 15 17 18 20 22 23 25 27 | 27.0

Action                   |  1- 3 |  4- 6 |  7- 9 | 10-12 | 13-15 | 16-18 | 19-21 | 22-24 || total
-------------------------+-------+-------+-------+-------+-------+-------+-------+-------++-------
Melee: Dagger            |    21 |    30 |       |       |       |       |       |       ||    51
       Bite              |       |    10 |     6 |    28 |     4 |     4 |     1 |     1 ||    54
       Rapier            |       |     4 |    47 |   193 |    12 |    24 |     2 |     1 ||   283
       Punch             |       |       |     2 |    15 |       |     3 |       |       ||    20
       Triple sword      |       |       |       |       |       |     5 |       |       ||     5
       Arbalest          |       |       |       |       |       |       |     2 |       ||     2
       Staff             |       |       |       |       |       |       |       |     2 ||     2
 Fire: Arbalest          |       |       |       |     1 |   158 |    19 |    26 |       ||   204
Throw: Boomerang         |       |       |       |       |     3 |     3 |       |       ||     6
       Throwing net      |       |       |       |       |     1 |       |       |       ||     1
       Javelin           |       |       |       |       |       |   116 |   109 |   119 ||   344
 Cast: Song of Slaying   |       |       |       |     5 |     7 |     8 |     9 |     3 ||    32
       Shroud of Golubri |       |       |       |     5 |     3 |     4 |     4 |     1 ||    17
       Mephitic Cloud    |       |       |       |    17 |     9 |     6 |       |       ||    32
       Borgnjor's Vile C |       |       |       |     7 |    65 |    62 |    28 |    44 ||   206
       Statue Form       |       |       |       |       |     5 |     7 |     7 |     5 ||    24
       Freezing Cloud    |       |       |       |       |     2 |     5 |       |       ||     7
       Orb of Destructio |       |       |       |       |       |     4 |     6 |     9 ||    19
       Spellforged Servi |       |       |       |       |       |       |     5 |    25 ||    30
       Passage of Golubr |       |       |       |       |       |       |     5 |     3 ||     8
       Iron Shot         |       |       |       |       |       |       |       |     6 ||     6
Invok: Potion Petition   |       |       |     1 |       |       |       |       |       ||     1
       Call Merchant     |       |       |       |     3 |     4 |     5 |     4 |     2 ||    18
 Abil: End Transformatio |       |       |       |       |       |       |     1 |       ||     1
Evoke: Wand              |       |       |       |     4 |       |       |       |       ||     4
       Lightning rod     |       |       |       |     6 |     6 |       |       |       ||    12
       Staff of energy   |       |       |       |       |       |       |    16 |    18 ||    34
  Use: Potion            |     1 |     2 |     1 |     1 |     1 |     1 |       |       ||     7
       Scroll            |       |       |       |     4 |     8 |     7 |       |     6 ||    25
 Stab: Invisible         |       |     2 |     8 |       |       |       |       |       ||    10
       Sleeping          |       |       |     8 |     2 |       |       |     2 |     1 ||    13
       Distracted        |       |       |       |     2 |       |       |       |       ||     2
       Confused          |       |       |       |    12 |     1 |     3 |       |       ||    16
  Eat: Ration            |       |       |       |     2 |     6 |     2 |     3 |     2 ||    15
Armor: Scale mail        |    16 |     3 |     1 |    46 |    55 |     5 |     5 |    11 ||   142
       Skin              |       |       |       |       |    49 |    29 |    10 |     2 ||    90
Dodge: Dodged            |    16 |    10 |    16 |   112 |    88 |    83 |    69 |    18 ||   412
Block: Other             |       |       |       |       |       |     6 |    17 |     4 ||    27
       Reflection        |       |       |       |       |       |     1 |       |       ||     1
       Kite shield       |       |       |       |       |       |       |       |    16 ||    16
